 Dungeon Crawl Stone Soup version 0.29-a0-700-g2f1814c7b2 (webtiles) character file.

Game seed: 369422354566876938

97755 buhh the Sniper (level 16, -3/97 HPs)
             Began as a Kobold Hunter on June 25, 2022.
             Was the Champion of Hepliaklqana.
             Succumbed to Aizul's bolt of poison
             ... on level 1 of the Snake Pit.
             The game lasted 01:02:47 (26311 turns).

buhh the Sniper (Kobold Hunter)                    Turns: 26311, Time: 01:02:47

Health: -3/97      AC: 18    Str:  7    XL:     16   Next: 70%
Magic:  26/26      EV: 28    Int: 19    God:    Hepliaklqana [******]
Gold:   2000       SH:  5    Dex: 24    Spells: 15/15 levels left

rFire   + . .      SeeInvis .   E - +7 triple crossbow "Ahuyrujo" {elec, Will+}
rCold   . . .      Faith    .   (shield currently unavailable)
rNeg    + . .      Spirit   .   W - +3 leather armour of a ziggurat {Int+2}
rPois   .          Reflect  +   x - +3 hat of Pondering {ponderous, Will+ MP+10 Int+5}
rElec   .          Harm     .   j - +2 cloak
rCorr   +          Rampage  .   z - +2 pair of gloves
Will    +++..                   p - +2 pair of boots
Stlth   ++++++....              I - amulet of reflection
HPRegen 0.26/turn               r - ring "Foafale" {rF+ rN+ Stlth+}
MPRegen 0.20/turn               i - ring of resist corrosion

@: lethally poisoned (-3 -> -52), slow
A: reduced essence, small, no large weapons, nightstalker 3, weak 1
a: Renounce Religion, Recall Ancestor, Ancestor Identity, Transference, Idealise


You were on level 1 of the Snake Pit.
You worshipped Hepliaklqana.
Hepliaklqana was exalted by your worship.
You visited 4 branches of the dungeon, and saw 23 of its levels.
You also visited: Sewer, Bailey, Gauntlet and Ice Cave.

You collected 2000 gold pieces.

Inventory:

Hand Weapons
 a - a +9 arbalest of freezing
 b - the +6 arbalest "Damnation" {damnation}
   (You found it in a bailey)

   Any ammunition fired from it explodes in a burst of damnation on striking a
   foe, dealing damage which bypasses armour.
 u - the +7 arbalest "Tumus" {penet, rC+}
   (You found it on level 5 of the Lair of Beasts)

   Any ammunition fired by it passes through the targets it hits, potentially
   hitting all targets in its path until it reaches maximum range.
   rC:        It protects you from cold.
 E - the +7 triple crossbow "Ahuyrujo" (weapon) {elec, Will+}
   (You acquired it in a bailey)

   Any ammunition fired from it occasionally discharges a powerful burst of
   electricity upon striking a foe.
   Will:      It increases your willpower.
Missiles
 m - 2 throwing nets {!f}
Armour
 j - a +2 cloak (worn)
 p - a +2 pair of boots (worn)
 x - the +3 hat of Pondering (worn) {ponderous, Will+ MP+10 Int+5}
   (You acquired it on level 10 of the Dungeon)

   Int:       It affects your intelligence (+5).
   MP:        It affects your magic capacity (+10).
   Will:      It increases your willpower.
 z - a +2 pair of gloves (worn)
 W - the +3 leather armour of a ziggurat (worn) {Int+2}
   (You found it on level 3 of the Dungeon)

   Int:       It affects your intelligence (+2).
 Y - the +0 leather armour "Faahirgh" {rPois rCorr}
   (You found it on level 5 of the Lair of Beasts)

   rPois:     It protects you from poison.
   rCorr:     It protects you from acid and corrosion.
Jewellery
 i - a ring of resist corrosion (right hand)
 r - the ring "Foafale" (left hand) {rF+ rN+ Stlth+}
   (You took it off an orc on level 10 of the Dungeon)

   [ring of protection from fire]

   rF:        It protects you from fire.
   rN:        It protects you from negative energy.
   Stlth:     It makes you more stealthy.
 C - a ring of protection from fire
 I - an amulet of reflection (around neck)
 S - a ring of magical power
Wands
 d - a wand of flame (43)
 v - a wand of digging (7)
 D - a wand of acid (19)
 F - a wand of iceblast (8)
 G - a wand of paralysis (10)
Scrolls
 c - 2 scrolls of blinking {!d}
 e - a scroll of summoning
 n - 2 scrolls of silence {!r}
 o - 4 scrolls of poison
 s - 3 scrolls of vulnerability
 t - 8 scrolls of teleportation {!d}
 P - 3 scrolls of magic mapping {!r!d}
 Q - 6 scrolls of fog
 R - 3 scrolls of torment
 T - 5 scrolls of immolation {!d}
 X - a scroll of fear {!r}
 Z - 7 scrolls of enchant armour
Potions
 f - 2 potions of might
 g - 5 potions of degeneration
 h - a potion of berserk rage {!q}
 k - 10 potions of flight
 l - 7 potions of lignification {!d}
 q - 5 potions of attraction
 B - 5 potions of ambrosia {!q!d}
 H - 2 potions of invisibility {!q!d}
 J - 2 potions of magic {!q!d}
 K - 4 potions of brilliance {!q!d}
 L - 3 potions of resistance {!q!d}
 M - 7 potions of heal wounds {!q!d}
 N - 11 potions of curing {!q!d}
 O - 5 potions of haste {!q!d}
 U - a potion of mutation {!d}
 V - 2 potions of cancellation {!q!d}
Miscellaneous
 w - a phantom mirror
 y - a phial of floods
 A - a box of beasts


   Skills:
 - Level 15.0 Fighting
 - Level 26.0 Crossbows
 * Level 16.1 Dodging
 - Level 8.0 Stealth


You had 15 spell levels left.
You didn't know any spells.
Your spell library contained the following spells:

 Spells                   Type           Power      Damage    Failure   Level
 Sandblast                Erth           0%         2d4       30%         1
 Passwall                 Tmut/Erth      0%         N/A       43%         2
 Static Discharge         Conj/Air       0%         N/A       43%         2
 Sublimation of Blood     Necr           0%         N/A       43%         2
 Wereblood                Tmut           0%         N/A       43%         2
 Confusing Touch          Hex            0%         N/A       67%         3
 Dazzling Flash           Conj/Hex       0%         N/A       67%         3
 Frozen Ramparts          Ice            0%         1d2       67%         3
 Stone Arrow              Conj/Erth      0%         3d7       67%         3
 Dispel Undead            Necr           0%         3d6       97%         4
 Fulminant Prism          Conj/Hex       0%         3d6       97%         4
 Hailstorm                Conj/Ice       0%         3d3       97%         4
 Ice Form                 Ice/Tmut       0%         N/A       97%         4
 Iskenderun's Mystic Bla  Conj/Tloc      0%         2d3       97%         4
 Petrify                  Tmut/Erth      0%         N/A       97%         4
 Sticky Flame             Conj/Fire      0%         2d3       97%         4
 Summon Ice Beast         Ice/Summ       0%         N/A       97%         4
 Summon Lightning Spire   Summ/Air       0%         N/A       97%         4
 Blade Hands              Tmut           0%         N/A       100%        5
 Irradiate                Conj/Tmut      0%         3d13      100%        5
 Lee's Rapid Deconstruct  Erth           0%         3d5*      100%        5
 Yara's Violent Unravell  Hex/Tmut       0%         3d3       100%        5
 Eringya's Noxious Bog    Tmut/Pois      0%         N/A       100%        6
 Simulacrum               Ice/Necr       0%         N/A       100%        6
 Starburst                Conj/Fire      0%         6d3       100%        6
 Enfeeble                 Hex            0%         N/A       100%        7
 Storm Form               Tmut/Air       0%         N/A       100%        7
 Summon Hydra             Summ           0%         N/A       100%        7
 Maxwell's Capacitive Co  Air            0%         ∞         100%        8


Dungeon Overview and Level Annotations

Branches:
Dungeon (15/15) Zot: 25965  Temple (1/1) D:7 Zot: 5963    Lair (6/6) D:11 Zot: 25516
 Shoals (0/4) Lair:2        Snake (1/4) Lair:4 Zot: 4899   Slime (0/5) Lair:6
    Orc (0/2) D:10         Vaults (0/5) D:13          Sewer (visited)
 Bailey (visited)           IceCv (visited)         Gauntlet (visited)
 Depths: D:15

Altars:
Ashenzari
Cheibriados
Dithmenos
Elyvilon
Fedhas
Gozag
Hepliaklqana
Kikubaaqudgha
Makhleb
Nemelex Xobeh
Okawaru
Qazlal
Ru
Sif Muna
Trog
Uskayaw
Vehumet
Wu Jian
Xom
Yredelemnul
Zin
The Shining One
Jiyva

Shops:
D:2 [**[   D:5 :

Annotations:
D:5 2 transporters, dolemite99's ghost, novice MeCK
D:6 exclusions: kobold demonologist and manticore
D:8 2 transporters, Vylera's ghost, journeyman DjAE
D:14 2 transporters, exclusion: orange crystal statue, Noohia's ghost, journeyman MeCK
Snake:1 Aizul; Azrael


Innate Abilities, Weirdness & Mutations

Your life essence is reduced to manifest your ancestor. (-10% HP)
You are small and have problems with some larger weapons.
You are completely attuned to the shadows.
You are weak. (Str -2)


Message History

The bolt of poison hits you!
You are poisoned.
You shoot a bolt. The bolt hits Aizul but does no damage.
Aizul is lightly wounded.
You feel very sick.
Ahhotep blocks something's attack.
Ahhotep hits Aizul with a +0 broad axe of flaming!
Ahhotep burns Aizul.
Ahhotep hits something with a +0 broad axe of flaming!
Ahhotep blocks something's attack.
You shoot a bolt. The bolt hits Aizul but does no damage.
Lightning courses through Aizul!
Aizul is moderately wounded.
You feel very sick. Aizul barely misses you.
You shoot a bolt. The bolt misses Aizul.
Ahhotep avoids your attack.
The bolt barely misses the fire elemental.
You feel very sick. Aizul casts a spell at you. The bolt of poison misses you.
Ahhotep barely misses Aizul.
Ahhotep hits the fire elemental with a +0 broad axe of flaming!
Azrael the Boundless Flame comes into view.
He is wielding a +4 scimitar of flaming.
As you read the scroll of summoning, it crumbles to dust.
Wisps of shadow whirl around you...
You feel sick. Aizul casts a spell at you. The bolt of poison hits you!!
You are more poisoned.
The bolt of poison hits your black mamba! x2
The fire elemental barely misses Ahhotep.
Aizul casts a spell at you. The bolt of poison hits you!!
You are lethally poisoned!
* * * LOW HITPOINT WARNING * * *
The bolt of poison hits your black mamba! x2
Ahhotep hits Aizul with a +0 broad axe of flaming!!
Ahhotep burns Aizul.
Ahhotep hits the fire elemental with a +0 broad axe of flaming!
The fire elemental closely misses Ahhotep.
You swap places.
You die...

##.......##..#
###.....###..#
........###..###
###.............
#..........### ...
#.....##...# ..#
#.....##...# #.#
#.....#....#########○###
#....##......S@SSRER○..#
##..###.#############E.#
#..# #.# ☼.# #..###.#
...# ####......# ...#
......##### ####..# ####
#########


You could see the friendly Ahhotep the knight, Aizul (ally target), a fire
elemental (distracted) and 2 friendly black mambas.

Vanquished Creatures
  Mlioglotl (Snake:1)
  Gastronok (D:9)
  Kirke (D:15)
  An orc warlord (Bailey)
  A reaper (IceCv)
  Nessos (Lair:5)
  Josephine (Lair:6)
  3 boulder beetles
  A catoblepas (Lair:5)
  2 ogre magi
  3 centaur warriors
  5 two-headed ogres
  2 naga warriors (Snake:1)
  7 death yaks
  2 naga sharpshooters (Snake:1)
  A shock serpent (Snake:1)
  Amaemon (D:9)
  A deep elf archer (D:13)
  A harpy (Lair:6)
  7 ugly things
  Pikel (D:4)
  2 deep elf pyromancers
  2 deep elf zephyrmancers (D:13)
  An orc knight (Bailey)
  4 oklob plants
  3 manticores
  An orc sorcerer (D:9)
  3 salamanders (Snake:1)
  A cyclops (D:14)
  14 elephants
  A naga mage (Snake:1)
  Maurice (D:9)
  2 ice statues (IceCv)
  2 torpor snails (Lair:5)
  An orange demon (D:9)
  3 black mambas
  4 rime drakes
  10 cane toads
  A gargoyle (D:13)
  2 anaconda simulacra (IceCv)
  An efreet (D:14)
  3 kobold demonologists
  6 komodo dragons
  A yaktaur (shapeshifter) (D:9)
  5 ice devils (IceCv)
  2 entropy weaver simulacra (IceCv)
  A tengu conjurer (D:13)
  2 meliai (Lair:5)
  3 trolls
  A wind drake (Lair:6)
  7 blink frogs
  2 hornets
  10 slime creatures
  3 snapping turtles
  Sigmund (D:5)
  A centaur simulacrum (D:15)
  A vampire (D:11)
  3 wraiths
  39 yaks
  2 hogs (D:15)
  8 wyverns
  A human (shapeshifter) (D:15)
  A dire elephant simulacrum (IceCv)
  3 steam dragons
  13 vampire mosquitoes
  4 basilisks
  5 nagas (Snake:1)
  4 wargs (D:9)
  2 acid dragons
  A hell hound (Snake:1)
  19 water moccasins
  3 sky beasts
  10 orc warriors
  2 ice beasts (D:5)
  4 ogres
  A black bear (D:11)
  5 wolves
  4 centaurs
  A lemure (D:4)
  2 phantoms
  6 kobold brigands
  5 gnoll sergeants
  3 necrophages
  13 bullfrogs
  A scorpion (D:7)
  A two-headed ogre simulacrum (IceCv)
  A cane toad simulacrum (IceCv)
  4 wights (D:9)
  30 killer bees
  9 howler monkeys
  5 hounds
  A jelly (D:6)
  6 gnoll shamans
  13 orc priests
  Terence (D:2)
  13 orc wizards
  5 iguanas
  13 hell rats
  A merfolk siren (Sewer)
  A polar bear simulacrum (IceCv)
  2 merfolk avatars
  A wolf simulacrum (IceCv)
  Robin (D:2)
  12 adders
  39 gnolls
  5 shadow imps
  7 white imps
  4 ufetubi
  A dart slug (D:1)
  42 orcs
  14 ball pythons
  7 endoplasms
  4 giant cockroaches
  20 goblins
  19 hobgoblins
  7 jackals (D:3)
  5 quokkas
  6 bats
  5 frilled lizards
  A goblin skeleton (D:7)
  A hobgoblin zombie (D:7)
  28 kobolds
  2 kobold skeletons (D:7)
  2 kobold zombies (D:7)
  2 orc skeletons (D:7)
  28 rats
686 creatures vanquished.

Vanquished Creatures (collateral kills)
  A dire elephant (Lair:6)
  A rakshasa (D:14)
  A hydra (Lair:2)
  A naga warrior (Snake:1)
  A centaur warrior (D:14)
  2 death yaks
  3 naga sharpshooters (Snake:1)
  A deep elf pyromancer (D:13)
  An ugly thing (D:15)
  7 elephants
  A guardian serpent (shapeshifter) (D:12)
  2 black mambas
  A naga mage (Snake:1)
  4 cane toads
  A storm dragon simulacrum (D:15)
  An unseen horror (D:13)
  2 komodo dragons (Lair:3)
  An anaconda simulacrum (IceCv)
  A queen bee (Lair:5)
  A troll (D:12)
  A meliai (Lair:5)
  2 blink frogs (Lair:6)
  A snapping turtle (Lair:6)
  A wyvern (Lair:6)
  A dire elephant simulacrum (IceCv)
  3 wraiths (Lair:6)
  10 yaks
  A shadow (D:12)
  A basilisk (Lair:1)
  A vampire mosquito (D:13)
  3 harpy simulacra (IceCv)
  2 water moccasins (Lair:5)
  A naga (Snake:1)
  An orc warrior (D:10)
  An ogre (D:15)
  2 wolves
  2 kobold brigands
  A bullfrog (Lair:2)
  5 killer bees (Lair:5)
  A howler monkey (D:9)
  A hound (D:5)
  An orc wizard (D:9)
  8 hell rats
  A spriggan simulacrum (IceCv)
  A river rat (Lair:5)
  7 white imps (Lair:6)
  A dart slug (D:9)
  4 orcs
99 creatures vanquished.

Vanquished Creatures (others)
  6 knights
  4 ancestors
  A hell rat (Lair:6)
  22 fungi
  60 plants
  17 withered plants
110 creatures vanquished.

Grand Total: 895 creatures vanquished

Notes
Turn   | Place    | Note
-------+----------+-------------------------------------------
     0 | D:1      | buhh the Kobold Hunter began the quest for the Orb.
     0 | D:1      | Reached XP level 1. HP: 12/12 MP: 1/1
   154 | D:1      | Reached XP level 2. HP: 18/18 MP: 2/2
   315 | D:1      | Reached XP level 3. HP: 22/22 MP: 3/3
   766 | D:2      | Found Loufeboc's Antique Armour Shop.
   823 | D:2      | Reached XP level 4. HP: 25/27 MP: 4/4
  1011 | D:2      | Found Lesok's Antique Armour Shoppe.
  1082 | D:2      | Noticed Robin
  1456 | D:2      | Killed Robin
  1457 | D:2      | Reached skill level 6 in Crossbows
  1822 | D:2      | Found Zoisuy's Assorted Antiques.
  1831 | D:2      | Found Leips's General Store.
  1868 | D:2      | Noticed Terence
  1877 | D:2      | Killed Terence
  1878 | D:2      | Reached XP level 5. HP: 20/32 MP: 5/5
  2196 | D:2      | Noticed a phantom
  2204 | D:2      | Killed a phantom
  2205 | D:2      | Reached XP level 6. HP: 25/38 MP: 6/6
  2547 | D:3      | Found a sparkling altar of Nemelex Xobeh.
  2618 | D:3      | Identified the +3 leather armour of a ziggurat {Int+2}
  3576 | D:4      | Reached XP level 7. HP: 43/43 MP: 7/7
  3669 | D:4      | Reached skill level 7 in Crossbows
  4067 | D:4      | Noticed a yak
  4298 | D:4      | Noticed Pikel
  4302 | D:4      | Killed Pikel
  4303 | D:4      | Reached skill level 8 in Crossbows
  4303 | D:4      | Reached XP level 8. HP: 38/50 MP: 8/8
  4519 | D:5      | Entered Level 5 of the Dungeon
  4599 | D:5      | Noticed Sigmund
  4608 | D:5      | Killed Sigmund
  4650 | D:5      | Reached XP level 9. HP: 16/55 MP: 9/9
  5084 | D:5      | Found a glowing drain.
  5090 | Sewer    | Entered a sewer
  5754 | D:5      | Found a transporter.
  5921 | D:5      | Reached skill level 9 in Crossbows
  5970 | D:5      | Found an ancient bone altar of Kikubaaqudgha.
  6038 | D:5      | Found Lidem's Book Emporium.
  6128 | D:5      | Found a transporter.
  6130 | D:5      | Noticed dolemite99's ghost (novice MeCK)
  6823 | D:6      | Found an ornate altar of the Wu Jian Council.
  6879 | D:6      | Reached skill level 10 in Crossbows
  7190 | D:6      | Identified a scroll of acquirement
  7191 | D:6      | Acquired a +1 arbalest of freezing
  7440 | D:6      | Noticed a kobold demonologist
  7568 | D:6      | Noticed a manticore
  7598 | D:7      | Reached XP level 10. HP: 63/63 MP: 10/10
  7690 | D:7      | Identified the +1 leather armour of Least Resistance {rN+}
  7694 | D:7      | Reached skill level 11 in Crossbows
  7726 | D:7      | Found a glowing golden altar of the Shining One.
  8066 | D:7      | Found a flagged portal.
  8072 | Bailey   | Entered a bailey
  8123 | Bailey   | Noticed an orc warlord
  8123 | Bailey   | Found the +6 arbalest "Damnation" {damnation}
  8147 | Bailey   | Noticed an orc knight
  8292 | Bailey   | Found a runed translucent gate.
  8293 | Bailey   | Found a runed translucent gate.
  8294 | Bailey   | Found a runed translucent gate.
  8315 | Bailey   | Killed an orc knight
  8316 | Bailey   | Reached skill level 12 in Crossbows
  8520 | Bailey   | Killed an orc warlord
  8521 | Bailey   | Reached skill level 11 in Dodging
  8719 | D:7      | Found an iron altar of Okawaru.
  8807 | D:7      | Found a hazy altar of Hepliaklqana.
  8882 | D:7      | Became a worshipper of Hepliaklqana the Forgotten
  9267 | D:7      | Found a staircase to the Ecumenical Temple.
  9273 | Temple   | Entered the Ecumenical Temple
  9634 | D:8      | Found a blossoming altar of Fedhas.
  9768 | D:8      | Found a sacrificial altar of Ru.
  9881 | D:8      | Found a transporter.
  9881 | D:8      | Noticed a manticore
  9888 | D:8      | Found a transporter.
  9888 | D:8      | Noticed Vylera's ghost (journeyman DjAE)
 10155 | D:8      | Reached skill level 13 in Crossbows
 10380 | D:8      | Reached * piety under Hepliaklqana
 10436 | D:9      | Noticed a sixfirhy
 10697 | D:9      | Noticed Gastronok
 10698 | D:9      | Reached XP level 11. HP: 60/60 MP: 11/11
 10709 | D:9      | Noticed Amaemon
 10718 | D:9      | Killed Amaemon
 10798 | D:9      | Reached skill level 14 in Crossbows
 10868 | D:9      | Killed Gastronok
 10953 | D:9      | Found a white marble altar of Elyvilon.
 10963 | D:9      | Noticed Maurice
 10971 | D:9      | Killed Maurice
 11262 | D:9      | Noticed a two-headed ogre
 11267 | D:9      | Killed a two-headed ogre
 11268 | D:9      | Reached skill level 15 in Crossbows
 11300 | D:9      | Noticed an orc sorcerer
 11308 | D:9      | Killed an orc sorcerer
 11356 | D:9      | Reached XP level 12. HP: 61/64 MP: 12/12
 11492 | D:9      | Gained mutation: You are weak. (Str -2) [a neqoxec]
 11577 | D:9      | Found a snail-covered altar of Cheibriados.
 11652 | D:9      | Noticed a two-headed ogre
 11666 | D:10     | Entered Level 10 of the Dungeon
 11829 | D:10     | Reached skill level 16 in Crossbows
 12273 | D:10     | Reached ** piety under Hepliaklqana
 12274 | D:10     | Remembered your ancestor Ahhotep as a knight
 12339 | D:10     | Reached skill level 15 in Dodging
 12344 | D:10     | Identified the ring "Foafale" {rF+ rN+ Stlth+} (You took it
                  | off an orc on level 10 of the Dungeon)
 12353 | D:10     | Acquired the +7 triple crossbow "Ahuyrujo" {elec, Will+}
 12362 | D:10     | Acquired the +3 hat of Pondering {ponderous, Will+ MP+10
                  | Int+5}
 12362 | D:10     | Found the +3 hat of Pondering {ponderous, Will+ MP+10
                  | Int+5}
 12496 | D:10     | Found a staircase to the Orcish Mines.
 12838 | D:11     | Noticed a death yak
 12856 | D:11     | Killed a death yak
 12889 | D:11     | Found a staircase to the Lair.
 13596 | D:11     | Noticed a boulder beetle
 13602 | D:11     | Killed a boulder beetle
 13610 | D:11     | Reached *** piety under Hepliaklqana
 14252 | D:12     | Reached skill level 11 in Fighting
 14252 | D:12     | Reached XP level 13. HP: 75/75 MP: 13/13
 14476 | D:12     | Reached **** piety under Hepliaklqana
 14865 | Lair:1   | Entered Level 1 of the Lair of Beasts
 16401 | Lair:2   | Found a staircase to the Shoals.
 16668 | Lair:2   | Reached skill level 17 in Crossbows
 16864 | Lair:2   | Noticed a four-headed hydra
 16875 | Lair:2   | Killed a four-headed hydra
 17062 | Lair:3   | Reached XP level 14. HP: 79/86 MP: 14/14
 17428 | Lair:3   | Reached ***** piety under Hepliaklqana
 17999 | Lair:4   | Reached skill level 18 in Crossbows
 18214 | Lair:4   | Found a staircase to the Snake Pit.
 18576 | Lair:4   | Reached skill level 15 in Fighting
 18957 | Lair:5   | Found a gate leading to a gauntlet.
 18963 | Gauntlet | Entered a Gauntlet
 18974 | Gauntlet | Found a transporter.
 18974 | Gauntlet | Found a transporter.
 18984 | Gauntlet | Found the macabre finger necklace {rN+}
 18991 | Gauntlet | Found a transporter.
 19027 | Gauntlet | Found a transporter.
 19041 | Gauntlet | Found a transporter.
 19055 | Gauntlet | Found a transporter.
 19072 | Gauntlet | Found a transporter.
 19098 | Gauntlet | Found a transporter.
 19112 | Gauntlet | Found a transporter.
 19134 | Gauntlet | Found a transporter.
 19148 | Gauntlet | Found a transporter.
 19296 | Lair:5   | Reached skill level 19 in Crossbows
 19334 | Lair:5   | Identified the +0 leather armour "Faahirgh" {rPois rCorr}
 19586 | Lair:5   | Reached skill level 20 in Crossbows
 19660 | Lair:5   | Identified the +7 arbalest "Tumus" {penet, rC+}
 19900 | Lair:5   | Noticed Nessos
 19917 | Lair:5   | Killed Nessos
 20214 | Lair:5   | Reached skill level 21 in Crossbows
 20400 | Lair:6   | Entered Level 6 of the Lair of Beasts
 20409 | Lair:6   | Reached XP level 15. HP: 92/92 MP: 15/15
 20471 | Lair:6   | Found a frozen archway.
 20554 | IceCv    | Entered an ice cave
 20940 | IceCv    | Reached skill level 22 in Crossbows
 20984 | IceCv    | Noticed a reaper
 20987 | IceCv    | Killed a reaper
 21327 | Lair:6   | Noticed Josephine
 21331 | Lair:6   | Killed Josephine
 21566 | Lair:6   | Reached skill level 23 in Crossbows
 21825 | Lair:6   | Found a staircase to the Slime Pits.
 21826 | Lair:6   | Found a viscous altar of Jiyva.
 22483 | D:13     | Reached skill level 24 in Crossbows
 22503 | D:13     | Found a shimmering altar of Xom.
 22503 | D:13     | Found a shimmering altar of Xom.
 22539 | D:13     | Found a shimmering altar of Xom.
 23135 | D:13     | Reached XP level 16. HP: 97/97 MP: 16/16
 23368 | D:13     | Found a gate to the Vaults.
 23512 | D:13     | Reached ****** piety under Hepliaklqana
 23870 | D:14     | Found a transporter.
 23924 | D:14     | Found a transporter.
 23974 | D:14     | Reached skill level 25 in Crossbows
 24028 | D:14     | Noticed Noohia's ghost (journeyman MeCK)
 24078 | D:14     | Got the Catalogue of Moulding
 24190 | D:15     | Entered Level 15 of the Dungeon
 24239 | D:15     | Noticed Kirke
 24244 | D:15     | Killed Kirke
 25248 | Snake:1  | Entered Level 1 of the Snake Pit
 25390 | Snake:1  | Noticed Mlioglotl
 25401 | Snake:1  | Killed Mlioglotl
 25569 | Snake:1  | Reached skill level 26 in Crossbows
 26304 | Snake:1  | Noticed Aizul
 26309 | Snake:1  | Noticed Azrael
 26311 | Snake:1  | Succumbed to Aizul's bolt of poison

Illustrated notes

Levels and vault maps discovered:
D:1:      kennysheep_arrival_forest, layout_basic, minmay_misc_feat_x
D:2:      cheibrodos_old_hovel, layout_loops_cross, serial_shops,
          nicolae_shop_advertising_works [nicolae_subvault_shop_adworks],
          shop_fountains, nicolae_shop_crystal, shop, small_statue_intersection,
          uniq_terence, uniq_robin
D:3:      layout_basic, nemelex_xobeh_ov_fountains_minmay,
          nicolae_figureground_sparkle
D:4:      wad_crossroads, layout_basic, serial_bayou_pond_c, dk_noncrumbling_4,
          minmay_manual_moon, uniq_pikel
D:5:      layout_basic, nicolae_kikubaaqudgha_miasma_corner,
          portal_sewer_entry_a, gammafunk_ghost_stat_death, serial_shops,
          shop_statue, uniq_sigmund
D:6:      minmay_chambers_of_sixes, layout_gridville,
          nicolae_overflow_hidden_temple
D:7:      minmay_skewed_foursquare, layout_basic, nicolae_tso_besieged_by_evil,
          nicolae_hepliaklqana_hippocampus, okawaru_trees_2, temple_green,
          enter_bailey_3, hangedman_decor_clover_reticule, hex_medium,
          interstate_on_off
D:8:      layout_basic, mainiacjoe_overflow_six_doors_small,
          mainiacjoe_overflow_tiny_flanked, gammafunk_ghost_arena
D:9:      lemuel_castle_with_subvaults [lemuel_castle_interior_original],
          layout_irregular_city, elyvilon_altar_5, kennysheep_slug_shrine,
          serial_demonic, serial_demonic_c, serial_demonic_d, serial_demonic_c,
          serial_demonic_a, amethyst_killhole, uniq_gastronok, uniq_maurice,
          uniq_amaemon
D:10:     layout_long_grid, david_orc_4
D:11:     layout_roguey, david_lair_generic, minmay_misc_feat_cross
D:12:     layout_irregular_city
D:13:     layout_basic, hangedman_vaults_entry_quadrant_bands,
          grunt_decor_clamped, xom_shifter_show
D:14:     layout_gridville, nzn_ghost_randoct, minmay_circle_x
D:15:     hangedman_depths_entry_try_elsewhere_first, layout_stronghold,
          minmay_misc_feat_more_columns, argonaut_gorgonesque, uniq_kirke
Temple:   nicolae_temple_no_exploring_needed
Lair:1:   layout_hall_layers, grunt_megastairs_3
Lair:2:   layout_cave_pods, minmay_shoals_entry_hut, lemuel_fruit_tree,
          infiniplex_staircase_pool
Lair:3:   layout_regular_city
Lair:4:   layout_long_grid, dummy_snake_entry
Lair:5:   regret_index_harrowing_hell_hive, layout_misc_corridors,
          gauntlet_entry_generic, uniq_nessos
Lair:6:   gammafunk_lair_ancient_temple, layout_hall_layers,
          minmay_slime_entry_oklob_open, nicolae_volcano_entry_s_turn,
          portal_ice_cave_entry_imps, uniq_josephine
Snake:1:  layout_gridlike, nicolae_snake_boneroom, grunt_megastairs_5,
          uniq_mlioglotl, uniq_azrael, uniq_aizul

Skill      XL: |  1  2  3  4  5  6  7  8  9 10 11 12 13 14 15 16 |
---------------+-------------------------------------------------+-----
Stealth        | 2 3 4 6 7 8 |  8.0
Dodging        | 3 4 5 6 8 11 13 15 16 | 16.1
Fighting       | 3 4 5 6 7 11 14 15 | 15.0
Crossbows      | 6 8 10 13 15 16 17 21 24 26 | 26.0

Action                   |  1- 3 |  4- 6 |  7- 9 | 10-12 | 13-15 | 16-18 || total
-------------------------+-------+-------+-------+-------+-------+-------++-------
 Fire: Hand crossbow     |    64 |   177 |   405 |       |       |       ||   646
       Arbalest          |       |       |    34 |   369 |   625 |    89 ||  1117
       Triple crossbow   |       |       |       |       |       |    77 ||    77
Invok: Recall Ancestor   |       |       |       |     2 |     2 |     1 ||     5
       Ancestor Life: Kn |       |       |       |     1 |       |       ||     1
       Idealise          |       |       |       |       |     2 |       ||     2
Evoke: Wand              |       |     4 |     8 |     6 |     3 |       ||    21
       Phial of floods   |       |       |       |       |     2 |       ||     2
  Use: Scroll            |       |     4 |     7 |    21 |    17 |     5 ||    54
       Potion            |       |       |       |     2 |       |     1 ||     3
Armor: Leather armour    |     5 |    35 |    67 |    24 |    64 |     4 ||   199
Dodge: Dodged            |    23 |    96 |   236 |   129 |   371 |    35 ||   890
Block: Other             |       |       |       |       |    28 |    11 ||    39
       Reflection        |       |       |       |       |     3 |     2 ||     5

Table legend: (Time is in decaauts)
 A = Elapsed time spent in this place.
 B = Non-inter-level travel time spent in this place.
 C = Inter-level travel time spent in this place.
 D = Time resting spent in this place.
 E = Time spent auto-exploring this place.
 F = Levels seen in this place.
 G = Mean time per level.
                   A        B        C        D        E       F      G
               +--------+--------+--------+--------+--------+-----+--------+
         Total |  27675 |  26305 |   1370 |   2706 |  18594 |  27 | 1025.0 |
       Dungeon |  17089 |  16173 |    916 |   1554 |  11588 |  15 | 1139.3 |
        Temple |     36 |     28 |      8 |      0 |     18 |   1 |   36.0 |
          Lair |   7238 |   6792 |    446 |    174 |   5613 |   6 | 1206.3 |
     Snake Pit |   1100 |   1100 |      0 |    615 |    342 |   1 | 1100.0 |
         Sewer |    627 |    627 |      0 |    210 |    207 |   1 |  627.0 |
        Bailey |    502 |    502 |      0 |      0 |    240 |   1 |  502.0 |
      Ice Cave |    787 |    787 |      0 |    153 |    379 |   1 |  787.0 |
      Gauntlet |    293 |    293 |      0 |      0 |    205 |   1 |  293.0 |
               +--------+--------+--------+--------+--------+-----+--------+

Top non-repeatable levels by time:
     D:5: 1625 daAuts
    D:13: 1594 daAuts
     D:2: 1436 daAuts
     D:7: 1384 daAuts
  Lair:5: 1371 daAuts
  Lair:6: 1300 daAuts
     D:4: 1281 daAuts
  Lair:1: 1234 daAuts
    D:10: 1201 daAuts
  Lair:2: 1186 daAuts
     D:8: 1183 daAuts
    D:11: 1135 daAuts
     D:1: 1122 daAuts
  Lair:3: 1114 daAuts
 Snake:1: 1100 daAuts
